AoeStats
← DS_Kvothe

Arabia

509660636Analyzed
1v1 RM · 5d ago on Sep 27, 2026· 27m 44s· 2 players
Game mode
Random Map
Map size
Tiny (2 player)
Population
200
Speed
Normal
Resources
Standard
Victory
Conquest
Starting age
Dark Age
Ending age
Imperial Age
RankedLock teamsTeams togetherTeam positionsShared explorationLock speedFull tech treeHidden civsTurbo modeCheats
Victory
Defeat
🇦🇷 Tupi · Argentina
1923
+10
🇦🇷 Maya · Argentina
1790
-10
DS_Kvothe
6:26 Loom
6:34 Loom
8:45 Feudal Age
9:28 Double-Bit Axe
11:07 Horse Collar
15:44 Fletching
15:55 Padded Archer Armor
22:01 Castle Age
21:45 Gold Mining
21:48 Stone Mining
22:38 Bodkin Arrow
22:03 Crossbowman
24:05 Guard Tower
26:05 Leather Archer Armor
27:21 Ballistics
TGT | Sera
0:25 Loom
8:53 Feudal Age
9:33 Double-Bit Axe
11:42 Horse Collar
14:39 Fletching
16:03 Padded Archer Armor
21:45 Castle Age
22:36 Bow Saw
21:49 Crossbowman
22:38 Bodkin Arrow
23:20 Gold Mining
Connection lost

Rejoining the realm…

Still unreachable

The connection could not be restored.

Session expired

The server has moved on; the page needs a fresh start.